 Dungeon Crawl Stone Soup version 0.30-a0-622-gddc90eaa04 (webtiles) character file.

Game seed: 6307143106286795099

1008 kae the Changer (level 8, -21/48 HPs)
             Began as a Demonspawn Transmuter on Jan 10, 2023.
             Was a Follower of Cheibriados.
             Demolished by an ogre
             ... wielding a +0 giant spiked club
              (37 damage)
             ... on level 5 of the Dungeon.
             The game lasted 00:06:33 (3940 turns).

kae the Changer (Demonspawn Transmuter)             Turns: 3940, Time: 00:06:33

Health: -21/48     AC:  2    Str: 14    XL:     8   Next: 1%
Magic:  8/14       EV: 21    Int: 18    God:    Cheibriados [*.....]
Gold:   229        SH:  0    Dex: 20    Spells: 5/15 levels left

rFire   . . .      SeeInvis .      - Unarmed
rCold   . . .      Faith    .    (shield currently unavailable)
rNeg    . . .      Spirit   .    (body armour currently unavailable)
rPois   x          Reflect  .    (helmet currently unavailable)
rElec   .          Harm     .    (cloak currently unavailable)
rCorr   .          Rampage  .    (gloves currently unavailable)
Will    .....                    (boots currently unavailable)
Stlth   +                        g - amulet of regeneration
HPRegen 1.08/turn                (no ring)
MPRegen 0.14/turn                (no ring)

@: confused, mighty, spider-form (expiring), wereblooded, attractive, hasted,
quick
A: venomous fangs, tiny, repulsion field 1, powered by pain 1, demonic magic 2,
frail 1
a: End Transformation, Renounce Religion, Bend Time


You were on level 5 of the Dungeon.
You worshipped Cheibriados.
Cheibriados was aware of your devotion.
You were a venomous arachnid creature.
You visited 2 branches of the dungeon, and saw 6 of its levels.

You collected 229 gold pieces.


Innate Abilities, Weirdness & Mutations

You are a venomous arachnid creature.
You have venomous fangs.
You are tiny and dextrous.
Your spellcasting is less reliable in this form.
Your armour is entirely melded.
You are incapable of wielding weapons or throwing items.
You are surrounded by a mild repulsion field. (EV +2)
You sometimes gain a little power by taking damage.
Spells you cast may paralyse nearby enemies.
You are frail. (-10% HP)


   Skills:
 - Level 1.0 Fighting
 - Level 1.7 Dodging
 + Level 4.5 Unarmed Combat
 - Level 4.0 Spellcasting
 * Level 5.6 Transmutations
 * Level 3.5 Ice Magic
 - Level 1.0 Poison Magic


You had 5 spell levels left.
You knew the following spells:

 Your Spells              Type           Power      Damage    Failure   Level
a - Beastly Appendage     Tmut           46%        N/A       7%          1
b - Wereblood             Tmut           23%        N/A       9%          2
c - Spider Form           Tmut/Pois      15%        N/A       28%         3
d - Ice Form              Ice/Tmut       20%        N/A       43%         4

Your spell library contained the following spells:

 Spells                   Type           Power      Damage    Failure   Level
 Blink                    Tloc           6%         N/A       43%         2
 Momentum Strike          Conj/Tloc      6%         3d8       43%         2
 Inner Flame              Hex/Fire       3%         N/A       63%         3
 Lesser Beckoning         Tloc           6%         N/A       63%         3
 Flame Wave               Conj/Fire      3%         2d5       93%         4
 Sticky Flame             Conj/Fire      3%         2d3       93%         4
 Malign Gateway           Summ/Tloc      1%         N/A       100%        7
 Summon Horrible Things   Summ           1%         N/A       100%        8

Inventory:

Missiles
 c - 44 stones
 d - 5 poisoned darts
 q - 2 boomerangs
 r - a throwing net {=f!f}
Armour
 a - a +0 robe (melded)
 n - a +0 cloak (melded)
   (You found it on level 4 of the Dungeon)
Magical Staves
 l - a staff of poison {!a}
   (You found it on level 3 of the Dungeon)
 m - a staff of air {!a}
   (You found it on level 3 of the Dungeon)
Jewellery
 g - an amulet of regeneration (around neck)
   (You found it on level 1 of the Dungeon)
 T - an amulet of faith {!P}
   (You found it on level 3 of the Dungeon)
Wands
 i - a wand of roots (16)
   (You found it on level 2 of the Dungeon)
Scrolls
 o - a scroll of teleportation {@r4}
Potions
 b - a potion of lignification {!q}
 e - 2 potions of heal wounds {@q2}
 f - a potion of berserk rage {unknown}
 h - 2 potions of ambrosia {unknown}
 k - 2 potions of flight {unknown}
 p - a potion of brilliance {unknown}

Dungeon Overview and Level Annotations

Branches:
Dungeon (5/15) Zot: 39658  Temple (1/1) D:4 Zot: 8684

Altars:
Ashenzari
Cheibriados
Dithmenos
Hepliaklqana
Makhleb
Nemelex Xobeh
Okawaru
Qazlal
Ru
Sif Muna
Trog
Vehumet
Wu Jian
Xom
Yredelemnul

Shops:
D:1 [

Portals:
Sewer: D:5

####.##.....#########..#######..
#.##.....# #...............
#.##.....# #?#.#.#######.#.
#........# ##.#.#.....###
#.........# #.....>.......
#.........####.#.......###
#.........................
##.#............##.
.....#sh†#......#
......~{Oo§......#
....#~~§~~~~#......
#.#..~~~§~~~~..###.
(...~~~n~~~...# ....~~~~~~~~...#
..#.#~~~~~~~#..#
......~~~~~....# .##..#§..#..#.#


You could see an ogre, a necrophage, a hound and an orc.


Message History

The worm is unaffected.
The grasping roots constrict you!
You focus on the pain.
You feel very mighty all of a sudden.
The orc priest looks satisfied for a moment.
The worm closely misses you.
You bite the worm!
You kill the worm!
The orc wizard points at you and mumbles some strange words.
You resist with some effort.
The grasping roots constrict you. 😮 HP[-10] MP[+1]
You take 10 damage, and now have 29/43 hp.
MASSIVE DAMAGE!! (PAUSE)
You bite the orc priest! The grasping roots constrict you.
The grasping roots release their grip on you. 😮 HP[-2]
You take 2 damage, and now have 27/43 hp.
You bite the orc priest!
You kill the orc priest!
Cheibriados appreciates the change of pace.
You hear a splash. x2
Unknown command. 😮 HP[+1]
The adder barely misses you. 😮 HP[+2]
You regained 2 hp, and now have 30/43 hp.
You hit the adder.
The adder is poisoned.
You hear the quick rusting of a drain.
The adder completely misses you.
Your magical contamination has completely faded away.
You bite the adder!
You kill the adder!
Cheibriados appreciates the change of pace.
You feel a little less agile now.
The orc wizard gestures at you while chanting.
The puff of flame hits you.
You have reached level 8!
You feel stronger.
Your demonic ancestry asserts itself...
Your magic grows more menacing. 😮 HP[+1]
You now have 48 max hp (+5).
You bite the orc!
You kill the orc!
Cheibriados appreciates the change of pace.
You hear a splash. x4
A hound comes into view.
An ogre comes into view.
It is wielding a +0 giant spiked club. 😮 HP[+1]
Casting: Wereblood (safe; 9% risk of failure)
Confirm with . or Enter, or press ? or * to list all spells.
Your blood is infused with primal strength.
Malevolent energies surge around you.
The orc wizard points at you and mumbles some strange words.
You are confused.
The orc wizard zaps a wand.
The roots erupt in riotous growth!
The grasping roots grab you!
The grasping roots constrict you. 😮 HP[-3] MP[-1]
You take 3 damage, and now have 29/48 hp.
You lost 1 mp, and now have 8/14 mp.
Unknown command.
Unknown command.
It was a potion of haste.
You feel yourself speed up.
Cheibriados forgives your accidental hurry, just this once.
The grasping roots constrict you. 😮 HP[-1]
You take 1 damage, and now have 28/48 hp.
It was a potion of attraction.
You feel attractive to monsters.
The orc wizard mumbles some strange words.
The orc wizard flickers and vanishes!
Deactivating autopickup; reactivate with Ctrl-A.
You are constricted.
* * * LOW HITPOINT WARNING * * *
Something is attracted toward you.
The orc is attracted toward you. 😨 HP[-4]
You take 4 damage, and now have 24/48 hp.
You escape the roots grasp.
The hound attacks as you move away! The hound completely misses you.
You enter the shallow water.
Moving in this stuff is going to be slow.
Your transformation is almost over.
The orc hits you with a +0 flail.
* * * LOW HITPOINT WARNING * * *
A necrophage comes into view.
The ogre is attracted toward you. The necrophage is attracted toward you.
Items here: ! $ ) [. 😨 HP[-5]
You take 5 damage, and now have 19/48 hp.
Unknown command.
The hound barely misses you.
You hear some strange, mumbled words.
A puff of flame appears from out of thin air!
The puff of flame misses you. The hound bites you but does no damage.
You hear some strange, mumbled words.
A puff of flame appears from out of thin air!
The puff of flame hits you.
* * * LOW HITPOINT WARNING * * *
The ogre hits you with a +0 giant spiked club!!!
Ouch! That really hurt!
You die...

Skill      XL: |  1  2  3  4  5  6  7 |
---------------+----------------------+-----
Transmutations | 2 3 4 5 |  5.6
Unarmed Combat | 3 4 |  4.5
Poison Magic   | 1 |  1.0
Spellcasting   | 3 4 |  4.0
Ice Magic      | 2 3 |  3.5
Fighting       | |  1.0
Dodging        | |  1.7

Action                   |  1- 3 |  4- 6 |  7- 9 || total
-------------------------+-------+-------+-------++-------
Melee: Unarmed           |    85 |   203 |    82 ||   370
       Kick              |    18 |    10 |     2 ||    30
       Headbutt          |    14 |     8 |     2 ||    24
 Cast: Beastly Appendage |    27 |    12 |     1 ||    40
       Spider Form       |       |    17 |     3 ||    20
       Wereblood         |       |     3 |     2 ||     5
       Ice Form          |       |       |     2 ||     2
  Use: Scroll            |     1 |     2 |       ||     3
       Potion            |       |       |     2 ||     2
 Stab: Sleeping          |     3 |     1 |       ||     4
       Paralysed         |     3 |     8 |     1 ||    12
Armor: Robe              |    23 |    13 |     1 ||    37
       Skin              |       |     6 |     7 ||    13
Dodge: Dodged            |    60 |   164 |    53 ||   277

Levels and vault maps discovered:
D:1:      scummos_arrival_gate, layout_basic, serial_shops, shop
D:2:      layout_loops_ring, shapermc_ecumenical_altar_flowoftime,
          grunt_ministairs_8
D:3:      layout_basic, uniq_robin, uniq_terence, uniq_jessica
D:4:      layout_basic, lemuel_doored_altar, minmay_temple_entry_butterflies,
          hex_medium
D:5:      layout_basic, nicolae_kikubaaqudgha_miasma_corner,
          cheibrodos_sewer_entry_drain, minmay_door_square
Temple:   bh_familiar_temple

Notes
Turn   | Place    | Note
-------+----------+-------------------------------------------
     0 | D:1      | kae the Demonspawn Transmuter began the quest for the Orb.
     0 | D:1      | Reached XP level 1. HP: 15/15 MP: 3/3
     0 | D:1      | magus.rc [v1.11.3]
   102 | D:1      | Reached skill level 2 in Transmutations
   258 | D:1      | Gained mutation: Spells you cast may paralyse adjacent
                  | enemies. [demonic ancestry]
   258 | D:1      | Reached XP level 2. HP: 21/21 MP: 3/5
   399 | D:1      | You pick up a book of Flames and begin reading...
   399 | D:1      | You add the spells Inner Flame, Sticky Flame and Flame Wave
                  | to your library.
   424 | D:1      | Found Keuv's Antique Armour Emporium.
   700 | D:2      | Reached skill level 3 in Unarmed Combat
   709 | D:2      | Reached XP level 3. HP: 22/26 MP: 4/6
   712 | D:2      | Learned a level 2 spell: Wereblood
   716 | D:2      | Learned a level 3 spell: Spider Form
   785 | D:2      | Found a faded altar of an unknown god.
  1125 | D:2      | Reached skill level 1 in Poison Magic
  1184 | D:2      | Reached skill level 3 in Transmutations
  1189 | D:2      | Gained mutation: You are surrounded by a mild repulsion
                  | field. (EV +2) [demonic ancestry]
  1189 | D:2      | Reached XP level 4. HP: 30/32 MP: 5/7
  1466 | D:3      | Noticed Terence
  1505 | D:3      | Noticed Jessica
  1511 | D:3      | Killed Jessica
  1646 | D:3      | Noticed Robin
  1664 | D:3      | Killed Robin
  1665 | D:3      | Reached XP level 5. HP: 33/37 MP: 1/9
  1853 | D:3      | Noticed a phantom
  1877 | D:3      | Killed a phantom
  1878 | D:3      | Reached skill level 3 in Spellcasting
  1878 | D:3      | Reached skill level 4 in Transmutations
  2087 | D:3      | Killed Terence
  2088 | D:3      | Gained mutation: You sometimes gain a little power by
                  | taking damage. [demonic ancestry]
  2088 | D:3      | Reached XP level 6. HP: 39/43 MP: 7/10
  2240 | D:3      | Learned a level 4 spell: Ice Form
  2524 | D:4      | Reached skill level 1 in Ice Magic
  2664 | D:4      | Reached skill level 4 in Unarmed Combat
  3009 | D:4      | You add the spells Malign Gateway and Summon Horrible
                  | Things to your library.
  3027 | D:4      | Found a staircase to the Ecumenical Temple.
  3036 | Temple   | Entered the Ecumenical Temple
  3227 | Temple   | Became a worshipper of Cheibriados the Contemplative
  3571 | D:5      | Entered Level 5 of the Dungeon
  3621 | D:5      | Reached skill level 2 in Ice Magic
  3621 | D:5      | Reached XP level 7. HP: 48/48 MP: 4/12
  3657 | D:5      | Reached skill level 5 in Transmutations
  3688 | D:5      | Reached * piety under Cheibriados
  3699 | D:5      | Reached skill level 3 in Ice Magic
  3712 | D:5      | You pick up a book of Spatial Translocations and begin
                  | reading...
  3712 | D:5      | You add the spells Blink, Momentum Strike and Lesser
                  | Beckoning to your library.
  3741 | D:5      | Reached skill level 4 in Spellcasting
  3785 | D:5      | Gained mutation: You are frail. (-10% HP) [mutagenic glow]
  3916 | D:5      | Found a glowing drain.
  3934 | D:5      | Gained mutation: Spells you cast may paralyse nearby
                  | enemies. [demonic ancestry]
  3934 | D:5      | Reached XP level 8. HP: 31/48 MP: 9/14
  3940 | D:5      | Demolished by an ogre

Vanquished Creatures
  A water moccasin (D:5)
  2 phantoms
  A centaur (D:5)
  2 scorpions
  A gnoll bouda (D:5)
  2 hounds
  An orc priest (D:5)
  Jessica (D:3)
  An iguana (D:4)
  Terence (D:3)
  3 orc wizards
  Robin (D:3)
  6 gnolls
  11 adders
  A white imp (D:5)
  3 worms
  18 orcs
  6 endoplasms
  14 goblins
  7 hobgoblins
  4 jackals (D:3)
  4 quokkas
  3 ball pythons
  6 bats
  4 frilled lizards
  7 kobolds
  8 rats
119 creatures vanquished.

Table legend:
 A = Non-vault XP
 B = Vault XP
 C = Vault XP percentage of total XP
 D = Non-vault monster count
 E = Vault monster count
 F = Vault count percentage of total count
                 A         B        C        D         E       F
            +---------+---------+-------+---------+---------+-------
      Total |    1310 |     130 |   9.0 |     101 |      18 |  15.1
            +---------+---------+-------+---------+---------+-------
        D:1 |      23 |       0 |   0.0 |      18 |       0 |   0.0
        D:2 |      83 |      16 |  16.2 |      20 |       2 |   9.1
        D:3 |     156 |     107 |  40.7 |      12 |      13 |  52.0
        D:4 |     314 |       0 |   0.0 |      26 |       0 |   0.0
        D:5 |     734 |       7 |   0.9 |      25 |       3 |  10.7
            +---------+---------+-------+---------+---------+-------

Illustrated notes

Table legend:
 A = Kills in this place as a percentage of kills in entire the game.
 B = Kills by you in this place as a percentage of kills by you in the entire game.
 C = Kills by friends in this place as a percentage of kills by friends in the entire game.
 D = Other kills in this place as a percentage of other kills in the entire game.
 E = Experience gained in this place as a percentage of experience gained in the entire game.
 F = Experience gained in this place divided by the number of levels of this place that you have seen.
                   A       B       C       D       E      F
               +-------+-------+-------+-------+-------+----------------------
         Total | 100.0 | 100.0 |   N/A |   N/A | 100.0 | 240.0
       Dungeon | 100.0 | 100.0 |   N/A |   N/A | 100.0 | 288.0
               +-------+-------+-------+-------+-------+----------------------

Table legend: (Time is in decaauts)
 A = Elapsed time spent in this place.
 B = Non-inter-level travel time spent in this place.
 C = Inter-level travel time spent in this place.
 D = Time resting spent in this place.
 E = Time spent auto-exploring this place.
 F = Levels seen in this place.
 G = Mean time per level.
                   A        B        C        D        E       F      G
               +--------+--------+--------+--------+--------+-----+--------+
         Total |   4047 |   3898 |    149 |    133 |   2719 |   6 |  674.5 |
       Dungeon |   3828 |   3722 |    106 |    133 |   2552 |   5 |  765.6 |
        Temple |    219 |    177 |     42 |      0 |    167 |   1 |  219.0 |
               +--------+--------+--------+--------+--------+-----+--------+

Top non-repeatable levels by time:
     D:3: 977 daAuts
     D:4: 942 daAuts
     D:2: 809 daAuts
     D:1: 685 daAuts
     D:5: 413 daAuts
  Temple: 219 daAuts
